 Dungeon Crawl Stone Soup version 0.30-a0-639-g3916f1956a (webtiles) character file.

Game seed: 6603800237357879752

22 drugrobin the Sneak (level 2, 0/25 HPs)
             Began as a Demigod Delver on Jan 16, 2023.
             Succumbed to an adder's poison
             ... on level 2 of the Dungeon.
             The game lasted 00:03:46 (901 turns).

drugrobin the Sneak (Demigod Delver)                 Turns: 901, Time: 00:03:47

Health: 0/25       AC:  2    Str: 13    XL:     2   Next: 51%
Magic:  4/4        EV: 11    Int: 18    God:
Gold:   50         SH:  3    Dex: 15    Spells: 1/1 levels left

rFire   . . .      SeeInvis .      - Unarmed
rCold   . . .      Faith    .    h - +0 buckler
rNeg    . . .      Spirit   .    k - +0 robe
rPois   .          Reflect  .    (no helmet)
rElec   .          Harm     .    (no cloak)
rCorr   .          Rampage  .    (no gloves)
Will    .....                    (no boots)
Stlth   +++                      (no amulet)
HPRegen 0.24/turn                q - +6 ring of intelligence
MPRegen 0.09/turn                (no ring)

@: mighty, lethally poisoned (0 -> -9)
A: high MP 1, forlorn, divine attributes
a: no special abilities


You were on level 2 of the Dungeon.
You visited 1 branch of the dungeon, and saw 4 of its levels.

You collected 50 gold pieces.

Inventory:

Hand Weapons
 b - a +0 sling
 c - a +0 flail
Missiles
 m - 5 poisoned darts
 r - 3 boomerangs (quivered)
Armour
 a - a +0 leather armour
 h - a +0 buckler (worn)
 k - a +0 robe (worn)
 n - a +0 cloak
Jewellery
 q - a +6 ring of intelligence (left hand)
Wands
 f - a wand of digging (3)
Scrolls
 i - 4 scrolls of magic mapping
 l - 4 scrolls of teleportation {unknown}
 o - 3 scrolls of identify {unknown}
 p - a scroll of fog
 s - a scroll of blinking {unknown}
Potions
 e - a potion of haste
 j - a potion of mutation {unknown}
 t - a potion of heal wounds {unknown}


   Skills:
 - Level 2.6 Fighting
 - Level 1.7 Dodging
 - Level 4.5 Stealth
 + Level 3.0 Unarmed Combat


You had one spell level left.
You didn't know any spells.
Your spell library contained the following spells:

 Spells                   Type           Power      Damage    Failure   Level
 Blink                    Tloc           0%         N/A       41%         2
 Lesser Beckoning         Tloc           0%         N/A       41%         2
 Momentum Strike          Conj/Tloc      0%         3d8       41%         2


Dungeon Overview and Level Annotations

Branches:
Dungeon (5/15)
 Temple: D:4-7

Shops:
D:4 [

Annotations:
D:4 exclusions: adder and dart slug
D:5 exclusion: 2 black bears


Innate Abilities, Weirdness & Mutations

You have an increased reservoir of magic. (+10% MP)
You shall have no god before yourself.
Your divine heritage dramatically boosts your attributes as you level up.


Message History

You closely miss the adder.
The adder is severely wounded.
You feel sick. You block the adder's attack.
You miss the adder.
The adder is severely wounded.
You feel sick. The adder bites you but does no damage.
You barely miss the adder.
The adder is severely wounded.
You feel sick. The adder bites you.
You are more poisoned.
The adder poisons you! The adder bites you.
You closely miss the adder.
The adder is severely wounded.
You feel sick. The adder bites you.
You are more poisoned.
The adder poisons you!
You hit the adder but do no damage.
The adder is severely wounded.
You feel very sick. You block the adder's attack.
You closely miss the adder.
The adder is severely wounded.
You feel sick. The adder barely misses you.
The adder bites you but does no damage.
You barely miss the adder.
The adder is severely wounded.
You feel sick. The adder bites you.
* * * LOW HITPOINT WARNING * * *
You are more poisoned.
The adder poisons you!
Unknown command.
Unknown command.
Unknown command.
As you read the scroll of fear, it crumbles to dust.
You assume a fearsome visage.
The adder looks frightened!
* * * LOW HITPOINT WARNING * * *
You feel very sick.
It was a potion of might.
You feel very mighty all of a sudden.
You die...

... ....
#...##+########+#
.##.........#......
..........@.S......
............#.....
.)...#......# ....
.....#......# ....
............# #..#
........##### #..#
..........## #..#
....♣..♣...#####..#
#.............##..#


You could see an adder (fleeing).

Vanquished Creatures
  An orc (D:5)
  2 ball pythons
  2 bats (D:2)
  An endoplasm (D:2)
  3 goblins
  4 jackals (D:2)
  2 kobolds
  A quokka (D:2)
  2 rats
18 creatures vanquished.

Notes
Turn   | Place    | Note
-------+----------+-------------------------------------------
     0 | D:5      | drugrobin the Demigod Delver began the quest for the Orb.
     0 | D:5      | Reached XP level 1. HP: 18/18 MP: 3/3
   128 | D:5      | Noticed a black bear
   155 | D:5      | Noticed a black bear
   318 | D:5      | Noticed a gnoll sergeant
   385 | D:4      | Found Rokoeki's Antique Armour Shoppe.
   694 | D:2      | Reached XP level 2. HP: 25/25 MP: 4/4
   901 | D:2      | Succumbed to an adder's poison

Illustrated notes

Levels and vault maps discovered:
D:2:      layout_basic, minmay_misc_feat_plants, minmay_between
D:3:      layout_basic, chequers_temple_overflow_minitemple, uniq_terence
D:4:      layout_loops_corners, serial_shops, nicolae_shop_hallway_stairs,
          chequers_serial_rivers_room_a
D:5:      black_bear_nest_1, layout_basic, corexii_shack

Skill      XL: |  1  2 |
---------------+-------+-----
Unarmed Combat | 2 3 |  3.0
Fighting       | |  2.6
Dodging        | |  1.7
Stealth        | |  4.5

Action                   || total
-------------------------++-------
Melee: Unarmed           ||    59
 Fire: Sling             ||    15
  Use: Scroll            ||     1
       Potion            ||     1
 Stab: Sleeping          ||     6
Armor: Robe              ||     8
Dodge: Dodged            ||    28
Block: Buckler           ||    10

Table legend: (Time is in decaauts)
 A = Elapsed time spent in this place.
 B = Non-inter-level travel time spent in this place.
 C = Inter-level travel time spent in this place.
 D = Time resting spent in this place.
 E = Time spent auto-exploring this place.
 F = Levels seen in this place.
 G = Mean time per level.
                   A        B        C        D        E       F      G
               +--------+--------+--------+--------+--------+-----+--------+
         Total |    899 |    899 |      0 |     65 |    260 |   4 |  224.8 |
       Dungeon |    899 |    899 |      0 |     65 |    260 |   4 |  224.8 |
               +--------+--------+--------+--------+--------+-----+--------+

Top non-repeatable levels by time:
     D:5: 383 daAuts
     D:2: 323 daAuts
     D:4: 114 daAuts
     D:3: 77 daAuts
